Blues vs Red Wings
Created - January 15, 2019 at 19:07
Goals
|
| Blues |
1 |
0 |
4 |
5 |
| Red Wings |
0 |
1 |
2 |
3 |
|
Shots
|
| Blues |
14 |
8 |
9 |
31 |
| Red Wings |
11 |
11 |
13 |
35 |
|
1st period
1. Blues , Alex Pietrangelo 8 (Sergei Shirokov 18, Travis Zajac 9) at 2:06 (PP)
Penalties :
Ole-Kristian Tollefsen (Det) for Roughing (Minor) at 1:35, Brent Seabrook (Det) for Interference (Minor) at 17:21
2nd period
2. Red Wings , Sean Bergenheim 15 (Philip Samuelsson 21, Mike Richards 24) at 14:35
Penalties :
Linus Omark (STL) for Hooking (Minor) at 1:44, Mike Richards (Det) for High sticking (Minor) at 11:22
3rd period
3. Red Wings , Tyler Seguin 8 (Brent Seabrook 23, Philip Samuelsson 22) at 1:08 (PP)
4. Blues , Travis Zajac 14 (Ted Purcell 16, Jake Gardiner 19) at 4:52
5. Blues , Kyle Okposo 12 (David Perron 17, Nicklas Backstrom 39) at 8:21
6. Red Wings , Chris Kelly 11 (Ole-Kristian Tollefsen 17) at 12:54
7. Blues , Travis Zajac 15 (Kyle Okposo 15, Alex Pietrangelo 39) at 15:16
8. Blues , Patrick Kaleta 8 (Travis Zajac 10) at 19:57 (Empty Net)
Penalties :
Yann Sauvé (STL) for Tripping (Minor) at 0:59, Philip Samuelsson (Det) for Hooking (Minor) at 1:36, Bryce Lampman (STL) for Roughing (Minor) at 5:25, Kyle Okposo (STL) for Holding (Minor) at 12:57
Goalie Stats
Carey Price (STL), 32 saves from 35 shots - (0.914), W, 12-16-1, 60:00 minutes
John Gibson (Det), 26 saves from 30 shots - (0.867), L, 10-7-0, 58:33 minutes
Players Stats for Blues
Player Name G A P +/- PIM S H SB GA TA FO MP PP MP PK MP
------------------------------------------------------------------------------------
Alex Pietrangelo 1 1 2 0 0 6 1 3 4 0 0/0 26:20 3:40 4:22
Brandon Yip 0 0 0 0 0 0 2 0 0 0 0/2 8:09 0:00 0:00
Bryce Lampman 0 0 0 1 2 0 1 0 0 0 0/0 26:31 2:48 3:09
Cody Ceci 0 0 0 0 0 0 0 0 0 0 0/0 12:45 0:00 1:13
David Perron 0 1 1 0 0 2 1 0 0 1 0/0 19:11 2:59 0:51
Filip Forsberg 0 0 0 -1 0 5 2 0 0 0 1/1 13:14 3:25 0:00
Jake Gardiner 0 1 1 2 0 2 1 2 0 0 0/0 22:22 3:40 1:44
Kyle Okposo 1 1 2 1 2 4 1 0 0 0 1/3 18:06 3:29 0:00
Linus Omark 0 0 0 0 2 0 0 0 0 0 0/0 8:46 0:00 0:00
Logan Couture 0 0 0 -1 0 1 1 1 0 0 5/18 14:19 0:04 4:05
Nick Leddy 0 0 0 0 0 0 1 1 1 2 0/0 14:48 2:48 0:00
Nicklas Backstrom 0 1 1 0 0 1 0 2 0 0 16/26 19:15 3:29 0:49
Patrick Kaleta 1 0 1 0 0 1 3 1 0 0 0/0 15:21 0:00 4:03
Sergei Shirokov 0 1 1 1 0 2 1 0 0 1 0/0 15:41 2:59 0:00
Ted Purcell 0 1 1 3 0 2 3 0 1 1 1/3 15:19 0:00 1:12
Tomas Plekanec 0 0 0 0 0 1 1 0 0 0 0/1 8:09 0:00 0:00
Travis Zajac 2 2 4 3 0 3 0 0 0 0 10/13 18:21 2:59 1:12
Yann Sauvé 0 0 0 1 2 1 0 0 0 1 0/0 17:13 0:00 1:44
Players Stats for Red Wings
Player Name G A P +/- PIM S H SB GA TA FO MP PP MP PK MP
------------------------------------------------------------------------------------
Adam Henrique 0 0 0 -3 0 2 3 1 0 0 1/2 20:18 4:09 0:00
Ales Hemsky 0 0 0 0 0 1 0 0 1 0 0/0 6:14 0:00 0:00
Alex Picard 0 0 0 0 0 1 0 1 2 0 0/0 10:16 0:00 0:26
Brent Seabrook 0 1 1 -3 2 0 2 3 1 0 0/0 23:41 4:19 1:02
Carson Mcmillan 0 0 0 0 0 0 1 0 0 1 0/0 12:46 0:00 2:59
Chris Kelly 1 0 1 0 0 2 0 0 0 0 4/11 13:29 0:15 2:59
Jiri Fischer 0 0 0 -1 0 0 1 1 0 0 0/0 16:58 0:00 3:05
Lubomir Visnovsky 0 0 0 -1 0 1 1 0 0 1 0/0 17:01 0:00 3:23
Michael Haley 0 0 0 0 0 0 0 0 0 0 1/3 9:20 0:00 3:06
Mike Richards 0 1 1 0 2 9 5 1 1 0 9/24 18:02 1:50 0:00
Nate Thompson 0 0 0 0 0 1 0 0 0 0 2/2 6:14 0:00 0:00
Ole-Kristian Tollefsen 0 1 1 2 2 1 0 0 0 1 0/0 20:22 1:47 3:09
Phil Kessel 0 0 0 -3 0 8 0 0 0 0 0/0 20:38 4:16 0:00
Philip Samuelsson 0 2 2 0 2 1 2 3 0 1 0/0 23:32 4:19 2:17
Ryan Whitney 0 0 0 -1 0 3 1 2 1 1 0/0 18:27 1:47 0:00
Sean Bergenheim 1 0 1 1 0 3 0 1 0 0 1/2 19:52 1:50 3:03
Tyler Seguin 1 0 1 -2 0 2 0 0 0 1 15/23 19:29 4:08 0:23
Tyler Toffoli 0 0 0 1 0 0 0 0 0 0 0/0 16:49 1:50 0:00
3 Stars
1 - Travis Zajac (STL)
2 - Alex Pietrangelo (STL)
3 - Ted Purcell (STL)
Power Play
Blues - 1 on 4 Attempt(s) - 25.00%
Red Wings - 1 on 4 Attempt(s) - 25.00%
Penalty Kill
Blues - 3 on 4 Attempt(s) - 75.00%
- Score 0 goal in Penalty Kill
Red Wings - 3 on 4 Attempt(s) - 75.00%
- Score 0 goal in Penalty Kill
Team Stat
Blues - Hits : 19 - Faceoff Wins : 34 - Blocked Shots : 10 - Penalty Minutes : 8
Red Wings - Hits : 16 - Faceoff Wins : 33 - Blocked Shots : 13 - Penalty Minutes : 8
Official
Referees : Unknown
Linesman : Unknown
Game Notes
Patrick Kaleta has scored in a empty net!
Finance
Level 1 -- Attendance: 5512 (91.87%) -- Ticket Income $479,544
Level 2 -- Attendance: 4467 (89.34%) -- Ticket Income $250,152
Level 3 -- Attendance: 1459 (72.95%) -- Ticket Income $55,442
Level 4 -- Attendance: 3214 (80.35%) -- Ticket Income $89,992
Luxury Box -- Attendance: 898 (89.80%) -- Ticket Income $148,170
Game was played at the Joe Louis Arena.
Total Attendance: 15550 (86.39%)
Total Ticket Income: $1,023,300
Other Income: $153,495
Total Income: $1,176,795
Blues
5 vs 5 Forward
Center Left Wing Right Wing Time % Phy DF OF
1 Nicklas Backstrom David Perron Kyle Okposo 40 1 2 2
2 Travis Zajac Ted Purcell Sergei Shirokov 30 1 2 2
3 Logan Couture Filip Forsberg Patrick Kaleta 20 1 2 2
4 Tomas Plekanec Linus Omark Brandon Yip 10 1 2 2
5 vs 5 Defense
Defense Defense Time % Phy DF OF
1 Alex Pietrangelo Bryce Lampman 40 1 2 2
2 Jake Gardiner Yann Sauvé 30 1 2 2
3 Nick Leddy Cody Ceci 20 1 2 2
4 Jake Gardiner Bryce Lampman 10 1 2 2
PowerPlay Forward
Center Left Wing Right Wing Time % Phy DF OF
1 Nicklas Backstrom Filip Forsberg Kyle Okposo 60 1 2 2
2 Travis Zajac David Perron Sergei Shirokov 40 1 2 2
PowerPlay Defense
Defense Defense Time % Phy DF OF
1 Alex Pietrangelo Jake Gardiner 60 1 2 2
2 Nick Leddy Bryce Lampman 40 1 2 2
Penalty Kill 4 Players Forward
Center Wing Time % Phy DF OF
1 Logan Couture Patrick Kaleta 60 1 2 2
2 Travis Zajac Ted Purcell 40 1 2 2
Penalty Kill 4 Players Defense
Defense Defense Time % Phy DF OF
1 Alex Pietrangelo Bryce Lampman 60 1 2 2
2 Jake Gardiner Yann Sauvé 40 1 2 2
Penalty Kill - 3 Players Forward
Forward Time % Phy DF OF
1 Travis Zajac 60 1 2 2
2 Logan Couture 40 1 2 2
Penalty Kill - 3 Players Defense
Defense Defense Time % Phy DF OF
1 Alex Pietrangelo Bryce Lampman 60 1 2 2
2 Jake Gardiner Yann Sauvé 40 1 2 2
4 vs 4 Forward
Center Wing Time % Phy DF OF
1 Nicklas Backstrom David Perron 60 1 2 2
2 Travis Zajac Kyle Okposo 40 1 2 2
4 vs 4 Defense
Defense Defense Time % Phy DF OF
1 Alex Pietrangelo Bryce Lampman 60 1 2 2
2 Jake Gardiner Yann Sauvé 40 1 2 2
Last Minutes Offensive
Center Left Wing Right Wing Defense Defense
Nicklas Backstrom David Perron Kyle Okposo Alex Pietrangelo Jake Gardiner
Last Minutes Defensive
Center Left Wing Right Wing Defense Defense
Travis Zajac Ted Purcell Patrick Kaleta Alex Pietrangelo Bryce Lampman
Goaltenders
Starting : Carey Price
Backup : Ray Emery
Extra Forwards
Normal : Logan Couture, Brandon Yip, Patrick Kaleta - PP : Logan Couture, Brandon Yip - PK : Patrick Kaleta
Extra Defensemen
Normal : Nick Leddy, Cody Ceci, Jake Gardiner - PP : Nick Leddy - PK : Cody Ceci, Jake Gardiner
Penalty Shots
David Perron, Ted Purcell, Nicklas Backstrom, Logan Couture, Linus Omark
Scratches
None
Red Wings
5 vs 5 Forward
Center Left Wing Right Wing Time % Phy DF OF
1 Mike Richards Sean Bergenheim Tyler Toffoli 36 0 2 3
2 Tyler Seguin Adam Henrique Phil Kessel 36 0 2 3
3 Chris Kelly Alex Picard Carson Mcmillan 20 0 3 2
4 Nate Thompson Michael Haley Ales Hemsky 8 1 2 2
5 vs 5 Defense
Defense Defense Time % Phy DF OF
1 Brent Seabrook Ryan Whitney 35 0 3 2
2 Ole-Kristian Tollefsen Philip Samuelsson 35 0 3 2
3 Lubomir Visnovsky Jiri Fischer 20 0 3 2
4 Lubomir Visnovsky Jiri Fischer 10 0 3 2
PowerPlay Forward
Center Left Wing Right Wing Time % Phy DF OF
1 Tyler Seguin Adam Henrique Phil Kessel 55 0 1 4
2 Mike Richards Sean Bergenheim Tyler Toffoli 45 0 1 4
PowerPlay Defense
Defense Defense Time % Phy DF OF
1 Philip Samuelsson Brent Seabrook 60 0 2 3
2 Ole-Kristian Tollefsen Ryan Whitney 40 0 2 3
Penalty Kill 4 Players Forward
Center Wing Time % Phy DF OF
1 Michael Haley Sean Bergenheim 50 1 2 2
2 Chris Kelly Carson Mcmillan 50 1 2 2
Penalty Kill 4 Players Defense
Defense Defense Time % Phy DF OF
1 Lubomir Visnovsky Philip Samuelsson 50 1 2 2
2 Jiri Fischer Ole-Kristian Tollefsen 50 1 2 2
Penalty Kill - 3 Players Forward
Forward Time % Phy DF OF
1 Carson Mcmillan 60 1 2 2
2 Michael Haley 40 1 2 2
Penalty Kill - 3 Players Defense
Defense Defense Time % Phy DF OF
1 Lubomir Visnovsky Philip Samuelsson 50 1 2 2
2 Jiri Fischer Ole-Kristian Tollefsen 50 1 2 2
4 vs 4 Forward
Center Wing Time % Phy DF OF
1 Mike Richards Adam Henrique 60 1 2 2
2 Tyler Seguin Phil Kessel 40 1 2 2
4 vs 4 Defense
Defense Defense Time % Phy DF OF
1 Brent Seabrook Jiri Fischer 60 1 2 2
2 Ole-Kristian Tollefsen Philip Samuelsson 40 1 2 2
Last Minutes Offensive
Center Left Wing Right Wing Defense Defense
Mike Richards Adam Henrique Phil Kessel Brent Seabrook Philip Samuelsson
Last Minutes Defensive
Center Left Wing Right Wing Defense Defense
Chris Kelly Sean Bergenheim Carson Mcmillan Jiri Fischer Lubomir Visnovsky
Goaltenders
Starting : John Gibson
Backup : James Reimer
Extra Forwards
Normal : Adam Henrique, Tyler Seguin, Chris Kelly - PP : Chris Kelly, Ales Hemsky - PK : Chris Kelly
Extra Defensemen
Normal : Brent Seabrook, Philip Samuelsson, Lubomir Visnovsky - PP : Jiri Fischer - PK : Brent Seabrook, Ole-Kristian Tollefsen
Penalty Shots
Phil Kessel, Mike Richards, Tyler Seguin, Carson Mcmillan, Alex Picard
Scratches
Brendan Bell (Healthy), Oleg Saprykin (Healthy)
% Time on Ice - Blues
Lines # - Real PCT - Wanted PCT - Time Play
Normal Forward
1 - 32% - 40% - 14:57
2 - 28% - 30% - 13:02
3 - 22% - 20% - 10:10
4 - 18% - 10% - 8:09
Normal Defense
1 - 37% - 40% - 17:10
2 - 34% - 30% - 15:53
3 - 24% - 20% - 11:07
4 - 5% - 10% - 2:08
PP Forward
1 - 54% - 60% - 3:29
2 - 46% - 40% - 2:59
PP Defense
1 - 57% - 60% - 3:40
2 - 43% - 40% - 2:48
PK Forward
1 - 80% - 60% - 4:54
2 - 20% - 40% - 1:12
PK Defense
1 - 72% - 60% - 4:22
2 - 28% - 40% - 1:44
PK3 Forward
1 - 0% - 60%
2 - 0% - 40%
PK3 Defense
1 - 0% - 60%
2 - 0% - 40%
44 Forward
1 - 0% - 60%
2 - 0% - 40%
44 Defense
1 - 0% - 60%
2 - 0% - 40%
Last Minute Offensive - 0:00
Last Minute Defensive - 1:08
Total
Forward - 60:00
Defense - 60:00
|
% Time on Ice - Red Wings
Lines # - Real PCT - Wanted PCT - Time Play
Normal Forward
1 - 34% - 36% - 15:47
2 - 31% - 36% - 14:26
3 - 21% - 20% - 9:46
4 - 13% - 8% - 6:14
Normal Defense
1 - 37% - 35% - 16:54
2 - 34% - 35% - 15:41
3 - 21% - 20% - 9:40
4 - 9% - 10% - 3:58
PP Forward
1 - 70% - 55% - 4:16
2 - 30% - 45% - 1:50
PP Defense
1 - 71% - 60% - 4:19
2 - 29% - 40% - 1:47
PK Forward
1 - 49% - 50% - 3:12
2 - 51% - 50% - 3:16
PK Defense
1 - 52% - 50% - 3:23
2 - 48% - 50% - 3:05
PK3 Forward
1 - 0% - 60%
2 - 0% - 40%
PK3 Defense
1 - 0% - 50%
2 - 0% - 50%
44 Forward
1 - 0% - 60%
2 - 0% - 40%
44 Defense
1 - 0% - 60%
2 - 0% - 40%
Last Minute Offensive - 1:13
Last Minute Defensive - 0:00
Total
Forward - 60:00
Defense - 60:00
|
Play-by-Play
1st period
0:01 of 1st period - Nicklas Backstrom wins face-off versus Mike Richards in neutral zone.
0:12 of 1st period - Snap shot by Nicklas Backstrom.
0:12 of 1st period - Shot Misses the Net.
0:14 of 1st period - Wrist shot by Kyle Okposo.
0:14 of 1st period - Stopped by John Gibson without a rebound.
0:15 of 1st period - Tyler Seguin wins face-off versus Ted Purcell in Red Wings zone.
0:21 of 1st period - Off-side.
0:22 of 1st period - Tyler Seguin wins face-off versus Ted Purcell in neutral zone.
0:31 of 1st period - Slapshot by Sergei Shirokov.
0:31 of 1st period - Stopped by John Gibson without a rebound.
0:32 of 1st period - Chris Kelly wins face-off versus Logan Couture in Red Wings zone.
0:41 of 1st period - Wrist shot by Carson Mcmillan.
0:41 of 1st period - Shot Misses the Net.
0:57 of 1st period - Jiri Fischer is hit by Nick Leddy and loses puck.
1:04 of 1st period - Slapshot by Lubomir Visnovsky.
1:04 of 1st period - Deflect By David Perron.
1:04 of 1st period - Stopped by Carey Price with a rebound.
1:13 of 1st period - Icing by David Perron.
1:14 of 1st period - Nicklas Backstrom wins face-off versus Mike Richards in Blues zone.
1:35 of 1st period - Minor Penalty to Ole-Kristian Tollefsen for Roughing.
1:36 of 1st period - Filip Forsberg wins face-off versus Michael Haley in Red Wings zone.
1:37 of 1st period - Slapshot by Alex Pietrangelo.
1:37 of 1st period - Deflect By Nicklas Backstrom.
1:37 of 1st period - Stopped by John Gibson with a rebound.
1:39 of 1st period - Slapshot by Filip Forsberg.
1:39 of 1st period - Stopped by John Gibson without a rebound.
1:40 of 1st period - Michael Haley wins face-off versus Nicklas Backstrom in Red Wings zone.
1:40 of 1st period - Michael Haley is hit by Filip Forsberg.
1:50 of 1st period - Snap shot by Nicklas Backstrom.
1:50 of 1st period - Shot Blocked by Philip Samuelsson.
1:52 of 1st period - Wrist shot by Kyle Okposo.
1:52 of 1st period - Stopped by John Gibson with a rebound.
1:54 of 1st period - Snap shot by Filip Forsberg.
1:54 of 1st period - Stopped by John Gibson without a rebound.
1:55 of 1st period - Travis Zajac wins face-off versus Chris Kelly in Red Wings zone.
1:56 of 1st period - Slapshot by Alex Pietrangelo.
1:56 of 1st period - Stopped by John Gibson with a rebound.
1:58 of 1st period - Slapshot by Travis Zajac.
1:58 of 1st period - Shot Blocked by Brent Seabrook.
2:00 of 1st period - Wrist shot by Sergei Shirokov.
2:00 of 1st period - Stopped by John Gibson with a rebound.
2:06 of 1st period - Slapshot by Alex Pietrangelo.
2:06 of 1st period - Deflect By Brent Seabrook.
2:06 of 1st period - Goal by Alex Pietrangelo - Blues : 1 - Red Wings : 0.
2:07 of 1st period - Travis Zajac wins face-off versus Tyler Seguin in neutral zone.
2:51 of 1st period - Backhand shot by Phil Kessel.
2:51 of 1st period - Stopped by Carey Price without a rebound.
2:52 of 1st period - Mike Richards wins face-off versus Nicklas Backstrom in Blues zone.
2:53 of 1st period - Wrist shot by Sean Bergenheim.
2:53 of 1st period - Shot Misses the Net.
3:21 of 1st period - Wrist shot by Alex Picard.
3:21 of 1st period - Stopped by Carey Price without a rebound.
3:22 of 1st period - Travis Zajac wins face-off versus Chris Kelly in Blues zone.
3:35 of 1st period - Slapshot by Alex Pietrangelo.
3:35 of 1st period - Shot Misses the Net.
4:12 of 1st period - Slapshot by Filip Forsberg.
4:12 of 1st period - Stopped by John Gibson with a rebound.
4:14 of 1st period - Slapshot by Bryce Lampman.
4:14 of 1st period - Shot Blocked by Ryan Whitney.
4:18 of 1st period - Slapshot by Logan Couture.
4:18 of 1st period - Deflect By Brent Seabrook.
4:18 of 1st period - Stopped by John Gibson without a rebound.
4:19 of 1st period - Mike Richards wins face-off versus Nicklas Backstrom in Red Wings zone.
5:34 of 1st period - Snap shot by Ales Hemsky.
5:34 of 1st period - Stopped by Carey Price with a rebound.
5:52 of 1st period - David Perron is hit by Lubomir Visnovsky.
5:56 of 1st period - Snap shot by Nicklas Backstrom.
5:56 of 1st period - Shot Misses the Net.
5:58 of 1st period - Slapshot by Alex Pietrangelo.
5:58 of 1st period - Shot Misses the Net.
6:00 of 1st period - Slapshot by Kyle Okposo.
6:00 of 1st period - Shot Misses the Net.
6:02 of 1st period - Snap shot by David Perron.
6:02 of 1st period - Stopped by John Gibson without a rebound.
6:03 of 1st period - Tyler Seguin wins face-off versus Travis Zajac in Red Wings zone.
6:17 of 1st period - Slapshot by Phil Kessel.
6:17 of 1st period - Shot Blocked by Alex Pietrangelo.
6:46 of 1st period - David Perron is hit by Mike Richards and loses puck.
7:09 of 1st period - Wrist shot by Logan Couture.
7:09 of 1st period - Shot Misses the Net.
7:18 of 1st period - Icing by Carson Mcmillan.
7:19 of 1st period - Nate Thompson wins face-off versus Tomas Plekanec in Red Wings zone.
7:31 of 1st period - Slapshot by Alex Pietrangelo.
7:31 of 1st period - Shot Blocked by Brent Seabrook.
7:46 of 1st period - Snap shot by Linus Omark.
7:46 of 1st period - Shot Blocked by Brent Seabrook.
8:06 of 1st period - Wrist shot by Alex Pietrangelo.
8:06 of 1st period - Stopped by John Gibson with a rebound.
8:20 of 1st period - Wrist shot by Phil Kessel.
8:20 of 1st period - Shot Misses the Net.
8:24 of 1st period - Snap shot by Tyler Seguin.
8:24 of 1st period - Stopped by Carey Price without a rebound.
8:25 of 1st period - Nicklas Backstrom wins face-off versus Mike Richards in Blues zone.
8:36 of 1st period - Snap shot by Sean Bergenheim.
8:36 of 1st period - Shot Blocked by Jake Gardiner.
8:38 of 1st period - Snap shot by Mike Richards.
8:38 of 1st period - Stopped by Carey Price with a rebound.
8:40 of 1st period - Wrist shot by Sean Bergenheim.
8:40 of 1st period - Stopped by Carey Price without a rebound.
8:41 of 1st period - Travis Zajac wins face-off versus Chris Kelly in Blues zone.
8:50 of 1st period - Wrist shot by Sergei Shirokov.
8:50 of 1st period - Shot Misses the Net.
9:29 of 1st period - Nick Leddy is hit by Adam Henrique and loses puck.
9:38 of 1st period - Slapshot by Phil Kessel.
9:38 of 1st period - Shot Misses the Net.
9:40 of 1st period - Slapshot by Ole-Kristian Tollefsen.
9:40 of 1st period - Stopped by Carey Price with a rebound.
9:56 of 1st period - Slapshot by Sergei Shirokov.
9:56 of 1st period - Shot Misses the Net.
10:09 of 1st period - Icing by Jiri Fischer.
10:10 of 1st period - Chris Kelly wins face-off versus Brandon Yip in Red Wings zone.
10:18 of 1st period - Wrist shot by Chris Kelly.
10:18 of 1st period - Stopped by Carey Price without a rebound.
10:19 of 1st period - Mike Richards wins face-off versus Nicklas Backstrom in Blues zone.
10:22 of 1st period - Wrist shot by Mike Richards.
10:22 of 1st period - Stopped by Carey Price with a rebound.
10:24 of 1st period - Wrist shot by Sean Bergenheim.
10:24 of 1st period - Shot Blocked by Nicklas Backstrom.
10:26 of 1st period - Slapshot by Ryan Whitney.
10:26 of 1st period - Shot Blocked by Jake Gardiner.
11:56 of 1st period - Slapshot by Nate Thompson.
11:56 of 1st period - Shot Misses the Net.
12:14 of 1st period - Wrist shot by Adam Henrique.
12:14 of 1st period - Shot Misses the Net.
12:16 of 1st period - Wrist shot by Phil Kessel.
12:16 of 1st period - Shot Misses the Net.
12:51 of 1st period - Snap shot by Tyler Toffoli.
12:51 of 1st period - Deflect By Nicklas Backstrom.
12:51 of 1st period - Shot Misses the Net.
12:51 of 1st period - Puck is out of play.
12:52 of 1st period - Nicklas Backstrom wins face-off versus Mike Richards in Blues zone.
13:18 of 1st period - Icing by Mike Richards.
13:19 of 1st period - Travis Zajac wins face-off versus Tyler Seguin in Red Wings zone.
13:48 of 1st period - Nicklas Backstrom is hit by Mike Richards and loses puck.
14:36 of 1st period - Slapshot by Alex Pietrangelo.
14:36 of 1st period - Stopped by John Gibson with a rebound.
14:54 of 1st period - Adam Henrique is hit by Sergei Shirokov and loses puck.
15:14 of 1st period - David Perron is hit by Philip Samuelsson and loses puck.
15:21 of 1st period - Snap shot by Mike Richards.
15:21 of 1st period - Deflect By Kyle Okposo.
15:21 of 1st period - Stopped by Carey Price with a rebound.
17:21 of 1st period - Minor Penalty to Brent Seabrook for Interference.
17:22 of 1st period - Chris Kelly wins face-off versus Kyle Okposo in Red Wings zone.
17:58 of 1st period - Slapshot by Alex Pietrangelo.
17:58 of 1st period - Shot Misses the Net.
19:21 of 1st period - Penalty to Brent Seabrook is over, Brent Seabrook is back on ice.
Goals for this period are 1 for Blues vs 0 for Red Wings.
Shots for this period are 14 for Blues vs 11 for Red Wings.
2nd period
0:01 of 2nd period - Nicklas Backstrom wins face-off versus Mike Richards in neutral zone.
0:26 of 2nd period - Bryce Lampman is hit by Adam Henrique and loses puck.
1:02 of 2nd period - Carson Mcmillan is hit by Logan Couture.
1:18 of 2nd period - David Perron is hit by Ryan Whitney and loses puck.
1:33 of 2nd period - Wrist shot by Tyler Toffoli.
1:33 of 2nd period - Shot Misses the Net.
1:44 of 2nd period - Minor Penalty to Linus Omark for Hooking.
1:45 of 2nd period - Tyler Seguin wins face-off versus Logan Couture in Blues zone.
1:47 of 2nd period - Snap shot by Adam Henrique.
1:47 of 2nd period - Stopped by Carey Price without a rebound.
1:48 of 2nd period - Tyler Seguin wins face-off versus Logan Couture in Blues zone.
3:44 of 2nd period - Penalty to Linus Omark is over, Linus Omark is back on ice.
3:45 of 2nd period - Adam Henrique is hit by David Perron and loses puck.
3:54 of 2nd period - Linus Omark is hit by Jiri Fischer and loses puck.
4:09 of 2nd period - Slapshot by Alex Pietrangelo.
4:09 of 2nd period - Shot Blocked by Jiri Fischer.
5:51 of 2nd period - Snap shot by Sean Bergenheim.
5:51 of 2nd period - Shot Misses the Net.
8:13 of 2nd period - Brent Seabrook is hit by Patrick Kaleta and loses puck.
8:26 of 2nd period - Nicklas Backstrom is hit by Mike Richards and loses puck.
8:33 of 2nd period - Ryan Whitney is hit by Kyle Okposo and loses puck.
9:22 of 2nd period - Chris Kelly is hit by Brandon Yip and loses puck.
9:37 of 2nd period - Phil Kessel is hit by Jake Gardiner and loses puck.
9:59 of 2nd period - Jake Gardiner is hit by Mike Richards and loses puck.
10:29 of 2nd period - Icing by Logan Couture.
10:30 of 2nd period - Tyler Seguin wins face-off versus Logan Couture in Blues zone.
10:33 of 2nd period - Snap shot by Phil Kessel.
10:33 of 2nd period - Stopped by Carey Price with a rebound.
10:35 of 2nd period - Backhand shot by Brent Seabrook.
10:35 of 2nd period - Shot Blocked by Logan Couture.
10:37 of 2nd period - Slapshot by Ryan Whitney.
10:37 of 2nd period - Shot Misses the Net.
10:39 of 2nd period - Wrist shot by Phil Kessel.
10:39 of 2nd period - Stopped by Carey Price with a rebound.
10:41 of 2nd period - Snap shot by Ryan Whitney.
10:41 of 2nd period - Stopped by Carey Price without a rebound.
10:42 of 2nd period - Tyler Seguin wins face-off versus Nicklas Backstrom in Blues zone.
11:20 of 2nd period - Snap shot by Ted Purcell.
11:20 of 2nd period - Stopped by John Gibson with a rebound.
11:22 of 2nd period - Minor Penalty to Mike Richards for High sticking.
11:23 of 2nd period - Kyle Okposo wins face-off versus Chris Kelly in Red Wings zone.
11:26 of 2nd period - Slapshot by Alex Pietrangelo.
11:26 of 2nd period - Stopped by John Gibson with a rebound.
11:28 of 2nd period - Slapshot by Alex Pietrangelo.
11:28 of 2nd period - Stopped by John Gibson with a rebound.
11:30 of 2nd period - Slapshot by Jake Gardiner.
11:30 of 2nd period - Stopped by John Gibson with a rebound.
11:32 of 2nd period - Slapshot by Kyle Okposo.
11:32 of 2nd period - Shot Misses the Net.
11:36 of 2nd period - Snap shot by Nicklas Backstrom.
11:36 of 2nd period - Shot Hit the Post.
12:32 of 2nd period - Sean Bergenheim is hit by Filip Forsberg and loses puck.
13:22 of 2nd period - Penalty to Mike Richards is over, Mike Richards is back on ice.
13:41 of 2nd period - Phil Kessel is hit by Tomas Plekanec.
13:45 of 2nd period - Jake Gardiner is hit by Adam Henrique and loses puck.
14:08 of 2nd period - Snap shot by Linus Omark.
14:08 of 2nd period - Shot Misses the Net.
14:10 of 2nd period - Slapshot by Yann Sauvé.
14:10 of 2nd period - Shot Misses the Net.
14:12 of 2nd period - Slapshot by Yann Sauvé.
14:12 of 2nd period - Shot Blocked by Ryan Whitney.
14:14 of 2nd period - Snap shot by Tomas Plekanec.
14:14 of 2nd period - Shot Blocked by Adam Henrique.
14:16 of 2nd period - Slapshot by Yann Sauvé.
14:16 of 2nd period - Shot Misses the Net.
14:20 of 2nd period - Slapshot by Tomas Plekanec.
14:20 of 2nd period - Stopped by John Gibson without a rebound.
14:21 of 2nd period - Mike Richards wins face-off versus Kyle Okposo in Red Wings zone.
14:27 of 2nd period - Off-side.
14:28 of 2nd period - Mike Richards wins face-off versus Nicklas Backstrom in neutral zone.
14:35 of 2nd period - Wrist shot by Sean Bergenheim.
14:35 of 2nd period - Goal by Sean Bergenheim - Blues : 1 - Red Wings : 1.
14:36 of 2nd period - Nicklas Backstrom wins face-off versus Sean Bergenheim in neutral zone.
14:49 of 2nd period - Snap shot by David Perron.
14:49 of 2nd period - Stopped by John Gibson with a rebound.
14:51 of 2nd period - Snap shot by Nicklas Backstrom.
14:51 of 2nd period - Shot Blocked by Philip Samuelsson.
14:53 of 2nd period - Slapshot by Alex Pietrangelo.
14:53 of 2nd period - Shot Blocked by Sean Bergenheim.
15:00 of 2nd period - Icing by Sean Bergenheim.
15:01 of 2nd period - Travis Zajac wins face-off versus Tyler Seguin in Red Wings zone.
15:10 of 2nd period - Snap shot by Travis Zajac.
15:10 of 2nd period - Shot Misses the Net.
15:53 of 2nd period - Wrist shot by Filip Forsberg.
15:53 of 2nd period - Stopped by John Gibson without a rebound.
15:54 of 2nd period - Logan Couture wins face-off versus Tyler Seguin in Red Wings zone.
16:05 of 2nd period - Snap shot by Patrick Kaleta.
16:05 of 2nd period - Shot Misses the Net.
16:25 of 2nd period - Slapshot by Jiri Fischer.
16:25 of 2nd period - Shot Blocked by Nicklas Backstrom.
16:27 of 2nd period - Slapshot by Sean Bergenheim.
16:27 of 2nd period - Deflect By Mike Richards.
16:27 of 2nd period - Stopped by Carey Price without a rebound.
16:28 of 2nd period - Mike Richards wins face-off versus Nicklas Backstrom in Blues zone.
16:35 of 2nd period - Wrist shot by Sean Bergenheim.
16:35 of 2nd period - Stopped by Carey Price without a rebound.
16:36 of 2nd period - Nicklas Backstrom wins face-off versus Mike Richards in Blues zone.
16:47 of 2nd period - Snap shot by Mike Richards.
16:47 of 2nd period - Shot Blocked by Alex Pietrangelo.
16:49 of 2nd period - Wrist shot by Mike Richards.
16:49 of 2nd period - Stopped by Carey Price with a rebound.
16:51 of 2nd period - Snap shot by Sean Bergenheim.
16:51 of 2nd period - Shot Blocked by Alex Pietrangelo.
17:09 of 2nd period - Tyler Seguin is hit by Ted Purcell and loses puck.
17:36 of 2nd period - Icing by Patrick Kaleta.
17:37 of 2nd period - Mike Richards wins face-off versus Logan Couture in Blues zone.
17:44 of 2nd period - Snap shot by Mike Richards.
17:44 of 2nd period - Stopped by Carey Price without a rebound.
17:45 of 2nd period - Nicklas Backstrom wins face-off versus Mike Richards in Blues zone.
17:50 of 2nd period - Slapshot by Brent Seabrook.
17:50 of 2nd period - Shot Misses the Net.
17:52 of 2nd period - Slapshot by Mike Richards.
17:52 of 2nd period - Shot Misses the Net.
17:54 of 2nd period - Slapshot by Ryan Whitney.
17:54 of 2nd period - Stopped by Carey Price with a rebound.
18:57 of 2nd period - Slapshot by Jiri Fischer.
18:57 of 2nd period - Shot Blocked by Patrick Kaleta.
19:12 of 2nd period - Icing by Jiri Fischer.
19:13 of 2nd period - Nicklas Backstrom wins face-off versus Chris Kelly in Red Wings zone.
19:26 of 2nd period - Snap shot by Nicklas Backstrom.
19:26 of 2nd period - Shot Misses the Net.
19:42 of 2nd period - Wrist shot by Mike Richards.
19:42 of 2nd period - Shot Blocked by Nick Leddy.
19:44 of 2nd period - Slapshot by Lubomir Visnovsky.
19:44 of 2nd period - Shot Misses the Net.
19:46 of 2nd period - Wrist shot by Mike Richards.
19:46 of 2nd period - Stopped by Carey Price without a rebound.
19:47 of 2nd period - Tyler Seguin wins face-off versus Travis Zajac in Blues zone.
19:58 of 2nd period - Slapshot by Travis Zajac.
19:58 of 2nd period - Stopped by John Gibson without a rebound.
19:59 of 2nd period - Mike Richards wins face-off versus Nicklas Backstrom in Red Wings zone.
Goals for this period are 0 for Blues vs 1 for Red Wings.
Shots for this period are 8 for Blues vs 11 for Red Wings.
3rd period
0:01 of 3rd period - Nicklas Backstrom wins face-off versus Mike Richards in neutral zone.
0:08 of 3rd period - Snap shot by Nicklas Backstrom.
0:08 of 3rd period - Shot Blocked by Mike Richards.
0:10 of 3rd period - Snap shot by Kyle Okposo.
0:10 of 3rd period - Stopped by John Gibson with a rebound.
0:12 of 3rd period - Wrist shot by David Perron.
0:12 of 3rd period - Shot Misses the Net.
0:59 of 3rd period - Minor Penalty to Yann Sauvé for Tripping.
1:00 of 3rd period - Logan Couture wins face-off versus Tyler Seguin in Blues zone.
1:08 of 3rd period - Snap shot by Brent Seabrook.
1:08 of 3rd period - Deflect By Tyler Seguin.
1:08 of 3rd period - Goal by Tyler Seguin - Blues : 1 - Red Wings : 2.
1:09 of 3rd period - Sean Bergenheim wins face-off versus Nicklas Backstrom in neutral zone.
1:13 of 3rd period - Off-side.
1:14 of 3rd period - Nicklas Backstrom wins face-off versus Mike Richards in neutral zone.
1:36 of 3rd period - Minor Penalty to Philip Samuelsson for Hooking.
1:37 of 3rd period - Nicklas Backstrom wins face-off versus Michael Haley in Red Wings zone.
1:42 of 3rd period - Slapshot by Alex Pietrangelo.
1:42 of 3rd period - Deflect By Filip Forsberg.
1:42 of 3rd period - Stopped by John Gibson with a rebound.
3:36 of 3rd period - Penalty to Philip Samuelsson is over, Philip Samuelsson is back on ice.
4:11 of 3rd period - Sean Bergenheim is hit by Patrick Kaleta and loses puck.
4:52 of 3rd period - Snap shot by Travis Zajac.
4:52 of 3rd period - Goal by Travis Zajac - Blues : 2 - Red Wings : 2.
4:53 of 3rd period - Nicklas Backstrom wins face-off versus Mike Richards in neutral zone.
4:57 of 3rd period - Off-side.
4:58 of 3rd period - Nicklas Backstrom wins face-off versus Mike Richards in neutral zone.
5:01 of 3rd period - Alex Pietrangelo is hit by Mike Richards.
5:07 of 3rd period - Jiri Fischer is hit by Bryce Lampman and loses puck.
5:14 of 3rd period - Snap shot by Nicklas Backstrom.
5:14 of 3rd period - Deflect By Lubomir Visnovsky.
5:14 of 3rd period - Shot Misses the Net.
5:14 of 3rd period - Puck is out of play.
5:15 of 3rd period - Travis Zajac wins face-off versus Tyler Seguin in Red Wings zone.
5:25 of 3rd period - Minor Penalty to Bryce Lampman for Roughing.
5:26 of 3rd period - Tyler Seguin wins face-off versus Logan Couture in Blues zone.
5:26 of 3rd period - Wrist shot by Adam Henrique.
5:26 of 3rd period - Stopped by Carey Price with a rebound.
5:33 of 3rd period - Off-side.
5:34 of 3rd period - Tyler Seguin wins face-off versus Logan Couture in neutral zone.
5:41 of 3rd period - Snap shot by Brent Seabrook.
5:41 of 3rd period - Shot Misses the Net.
7:25 of 3rd period - Penalty to Bryce Lampman is over, Bryce Lampman is back on ice.
7:41 of 3rd period - Icing by Jake Gardiner.
7:42 of 3rd period - Nate Thompson wins face-off versus Brandon Yip in Blues zone.
7:47 of 3rd period - Wrist shot by Nate Thompson.
7:47 of 3rd period - Stopped by Carey Price with a rebound.
8:19 of 3rd period - Snap shot by David Perron.
8:19 of 3rd period - Shot Misses the Net.
8:21 of 3rd period - Slapshot by Kyle Okposo.
8:21 of 3rd period - Goal by Kyle Okposo - Blues : 3 - Red Wings : 2.
8:22 of 3rd period - Nicklas Backstrom wins face-off versus Adam Henrique in neutral zone.
8:25 of 3rd period - Slapshot by Alex Pietrangelo.
8:25 of 3rd period - Shot Misses the Net.
8:37 of 3rd period - Wrist shot by Adam Henrique.
8:37 of 3rd period - Deflect By Alex Pietrangelo.
8:37 of 3rd period - Shot Misses the Net.
8:37 of 3rd period - Puck is out of play.
8:38 of 3rd period - Travis Zajac wins face-off versus Mike Richards in Blues zone.
10:08 of 3rd period - Cody Ceci is hit by Carson Mcmillan and loses puck.
10:56 of 3rd period - Snap shot by Patrick Kaleta.
10:56 of 3rd period - Shot Misses the Net.
10:58 of 3rd period - Snap shot by Yann Sauvé.
10:58 of 3rd period - Shot Blocked by Philip Samuelsson.
11:10 of 3rd period - Wrist shot by Travis Zajac.
11:10 of 3rd period - Deflect By Ted Purcell.
11:10 of 3rd period - Stopped by John Gibson without a rebound.
11:11 of 3rd period - Mike Richards wins face-off versus Travis Zajac in Red Wings zone.
11:11 of 3rd period - Mike Richards is hit by Ted Purcell.
11:35 of 3rd period - Mike Richards is hit by Alex Pietrangelo and loses puck.
12:18 of 3rd period - Wrist shot by Ted Purcell.
12:18 of 3rd period - Shot Misses the Net.
12:20 of 3rd period - Snap shot by Sergei Shirokov.
12:20 of 3rd period - Shot Misses the Net.
12:22 of 3rd period - Slapshot by Yann Sauvé.
12:22 of 3rd period - Stopped by John Gibson with a rebound.
12:24 of 3rd period - Slapshot by Jake Gardiner.
12:24 of 3rd period - Deflect By Mike Richards.
12:24 of 3rd period - Stopped by John Gibson without a rebound.
12:25 of 3rd period - Tyler Seguin wins face-off versus Nicklas Backstrom in Red Wings zone.
12:54 of 3rd period - Wrist shot by Chris Kelly.
12:54 of 3rd period - Goal by Chris Kelly - Blues : 3 - Red Wings : 3.
12:55 of 3rd period - Nicklas Backstrom wins face-off versus Tyler Seguin in neutral zone.
12:57 of 3rd period - Minor Penalty to Kyle Okposo for Holding.
12:58 of 3rd period - Adam Henrique wins face-off versus Logan Couture in Blues zone.
13:06 of 3rd period - Snap shot by Phil Kessel.
13:06 of 3rd period - Stopped by Carey Price without a rebound.
13:07 of 3rd period - Tyler Seguin wins face-off versus Logan Couture in Blues zone.
13:20 of 3rd period - Slapshot by Phil Kessel.
13:20 of 3rd period - Stopped by Carey Price without a rebound.
13:21 of 3rd period - Tyler Seguin wins face-off versus Logan Couture in Blues zone.
13:30 of 3rd period - Snap shot by Adam Henrique.
13:30 of 3rd period - Deflect By Phil Kessel.
13:30 of 3rd period - Stopped by Carey Price without a rebound.
13:31 of 3rd period - Tyler Seguin wins face-off versus Logan Couture in Blues zone.
13:38 of 3rd period - Slapshot by Brent Seabrook.
13:38 of 3rd period - Shot Misses the Net.
13:56 of 3rd period - Snap shot by Adam Henrique.
13:56 of 3rd period - Deflect By Phil Kessel.
13:56 of 3rd period - Shot Misses the Net.
13:56 of 3rd period - Puck is out of play.
13:57 of 3rd period - Logan Couture wins face-off versus Mike Richards in Blues zone.
14:08 of 3rd period - Slapshot by Ryan Whitney.
14:08 of 3rd period - Stopped by Carey Price without a rebound.
14:09 of 3rd period - Logan Couture wins face-off versus Tyler Seguin in Blues zone.
14:09 of 3rd period - Logan Couture is hit by Brent Seabrook.
14:19 of 3rd period - Logan Couture is hit by Brent Seabrook.
14:26 of 3rd period - Icing by Tyler Seguin.
14:27 of 3rd period - Tyler Seguin wins face-off versus Logan Couture in Red Wings zone.
14:27 of 3rd period - Tyler Seguin is hit by Patrick Kaleta.
14:57 of 3rd period - Penalty to Kyle Okposo is over, Kyle Okposo is back on ice.
15:05 of 3rd period - Philip Samuelsson is hit by Ted Purcell and loses puck.
15:16 of 3rd period - Snap shot by Travis Zajac.
15:16 of 3rd period - Goal by Travis Zajac - Blues : 4 - Red Wings : 3.
15:17 of 3rd period - Logan Couture wins face-off versus Chris Kelly in neutral zone.
15:24 of 3rd period - Snap shot by Patrick Kaleta.
15:24 of 3rd period - Shot Misses the Net.
15:26 of 3rd period - Snap shot by Filip Forsberg.
15:26 of 3rd period - Shot Misses the Net.
15:28 of 3rd period - Snap shot by Patrick Kaleta.
15:28 of 3rd period - Shot Blocked by Alex Picard.
15:30 of 3rd period - Wrist shot by Logan Couture.
15:30 of 3rd period - Shot Misses the Net.
16:33 of 3rd period - Ales Hemsky is hit by Brandon Yip and loses puck.
17:35 of 3rd period - Wrist shot by Mike Richards.
17:35 of 3rd period - Stopped by Carey Price with a rebound.
17:37 of 3rd period - Snap shot by Mike Richards.
17:37 of 3rd period - Shot Misses the Net.
17:39 of 3rd period - Slapshot by Philip Samuelsson.
17:39 of 3rd period - Stopped by Carey Price without a rebound.
17:40 of 3rd period - Chris Kelly wins face-off versus Logan Couture in Blues zone.
18:30 of 3rd period - Red Wings, John Gibson is pulled from the net.
19:02 of 3rd period - Slapshot by Phil Kessel.
19:02 of 3rd period - Stopped by Carey Price with a rebound.
19:04 of 3rd period - Slapshot by Phil Kessel.
19:04 of 3rd period - Stopped by Carey Price without a rebound.
19:05 of 3rd period - Terry Murray call a timeout for Red Wings.
19:05 of 3rd period - Travis Zajac wins face-off versus Mike Richards in Blues zone.
19:05 of 3rd period - Travis Zajac is hit by Philip Samuelsson.
19:31 of 3rd period - Wrist shot by Adam Henrique.
19:31 of 3rd period - Shot Misses the Net.
19:33 of 3rd period - Slapshot by Adam Henrique.
19:33 of 3rd period - Deflect By Mike Richards.
19:33 of 3rd period - Stopped by Carey Price without a rebound.
19:34 of 3rd period - Ted Purcell wins face-off versus Mike Richards in Blues zone.
19:57 of 3rd period - Snap shot by Patrick Kaleta.
19:57 of 3rd period - Goal by Patrick Kaleta - Blues : 5 - Red Wings : 3.
19:57 of 3rd period - John Gibson from Red Wings was sent back in the game.
19:58 of 3rd period - Travis Zajac wins face-off versus Chris Kelly in neutral zone.
Goals for this period are 4 for Blues vs 2 for Red Wings.
Shots for this period are 9 for Blues vs 13 for Red Wings.
Back to the Top